 Dungeon Crawl Stone Soup version 0.31-a0-1202-ga8fea8b373 (webtiles) character file.

Game seed: 13734408847077702798

212 iorena the Chiller (level 5, 0/54 HPs)
             Began as a Merfolk Ice Elementalist on Dec 12, 2023.
             Slain by an ice beast (14 damage)
             ... on level 4 of the Dungeon.
             The game lasted 00:21:55 (1699 turns).

iorena the Chiller (Merfolk Ice Elementalist)       Turns: 1699, Time: 00:21:56

Health: 0/54       AC: 26    Str:  8    XL:     5   Next: 89%
Magic:  8/9        EV:  2    Int: 20    God:
Gold:   145        SH:  0    Dex: 15    Spells: 7/10 levels left

rFire   . . .        v - +7 spear of Xootroqe {venom, Int+4}
rCold   . . .        (no shield)
rNeg    . . .        a - melded +0 robe
rPois   +            (helmet currently unavailable)
rElec   .            (cloak currently unavailable)
rCorr   .            (gloves currently unavailable)
SInv    .            h - melded +0 pair of boots
Will    .....        (no amulet)
Stlth   ++           j - +4 ring of protection
HPRegen 0.29/turn    (no ring)
MPRegen 0.11/turn

%: no passive effects
@: tree-form, very slightly contaminated
A: stationary, stasis, torment immunity, boosted hp, (nimble swimmer 2),
(mertail)
a: no special abilities


You were on level 4 of the Dungeon.
You were a tree.
You visited 1 branch of the dungeon, and saw 4 of its levels.

You collected 145 gold pieces.

Inventory:

Hand Weapons
 e - a +0 whip
 k - a +0 short sword of venom
 v - the +7 spear of Xootroqe (weapon) {venom, Int+4}
   (You found it on level 3 of the Dungeon)

   Int+4:     It affects your intelligence (+4).
Missiles
 d - 16 poisoned darts
Armour
 a - a +0 robe (melded)
 h - a +0 pair of boots (melded)
 n - a +0 leather armour
Magical Staves
 C - a staff of death
Jewellery
 j - a +4 ring of protection (left branch)
Wands
 p - a wand of flame (15)
 D - a wand of light (12)
Scrolls
 f - 3 scrolls of fear {unknown}
 g - a scroll of acquirement {unknown}
 l - 2 scrolls of identify {unknown}
 m - a scroll of vulnerability {unknown}
 o - 3 scrolls of poison {unknown}
 q - a scroll of fog {unknown}
 s - a scroll of immolation {unknown}
 t - a scroll of brand weapon {unknown}
 w - a scroll of blinking {unknown}
 x - a scroll of teleportation {unknown}
 y - a scroll of enchant armour {unknown}
Potions
 b - a potion of magic
 c - a potion of heal wounds {unknown}
 i - 2 potions of lignification
 r - a potion of invisibility {unknown}
 u - a potion of ambrosia {unknown}
 z - a potion of curing {unknown}
 A - a potion of haste {unknown}
 B - a potion of enlightenment {unknown}


   Skills:
 + Level 0.6 Fighting
 + Level 2.9 Short Blades
 + Level 1.5 Polearms
 + Level 3.6 Dodging
 + Level 2.7 Stealth
 + Level 3.0 Spellcasting
 + Level 5.4 Ice Magic
 + Level 0.1 Evocations


You had 7 spell levels left.
You knew the following spells:

 Your Spells              Type           Power      Damage    Failure   Level
a - Freeze                Ice            96%        1d10      1%          1
b - Apportation           Tloc           6%         N/A       14%         1
c - Summon Small Mammal   Summ           12%        N/A       14%         1

Your spell library contained the following spells:

 Spells                   Type           Power      Damage    Failure   Level
 Frozen Ramparts          Ice            48%        1d8       4%          3
 Ozocubu's Armour         Ice            24%        N/A       4%          3
 Magic Dart               Conj           12%        1d3       14%         1
 Necrotise                Necr           12%        1d4       14%         1
 Call Imp                 Summ           6%         N/A       22%         2
 Cigotuvi's Dreadful Rot  Necr/Pois/Air  6%         N/A       22%         2
 Sublimation of Blood     Necr           3%         N/A       22%         2
 Mephitic Cloud           Conj/Pois/Air  3%         N/A       38%         3
 Stone Arrow              Conj/Erth      6%         3d7       38%         3
 Vampiric Draining        Necr           3%         2d6       38%         3
 Summon Ice Beast         Ice/Summ       13%        N/A       43%         4
 Animate Armour           Summ/Erth      6%         N/A       80%         4
 Dispel Undead            Necr           3%         3d7       80%         4
 Petrify                  Tmut/Erth      3%         N/A       80%         4
 Agony                    Necr           3%         N/A       98%         5
 Irradiate                Conj/Tmut      1%         3d12      98%         5
 Death Channel            Necr           1%         N/A       100%        6
 Lehudib's Crystal Spear  Conj/Erth      1%         10d2      100%        8


Dungeon Overview and Level Annotations

Branches:
Dungeon (4/15)
 Temple: D:4-7

Altars:

Annotations:
D:4 kal9871's ghost, novice DsHu


Innate Abilities, Weirdness & Mutations

You are a tree.
Your roots penetrate the ground, keeping you stationary.
You cannot be teleported.
You are immune to unholy pain and torment.
Your maximum health is greatly increased.
Your equipment is partially melded.
((You are very nimble when in or above water. (Stealth+, EV+, Speed+++)))
((Your lower body shifts to a powerful aquatic tail in water.))


Message History

You are poisoned.
The adder poisons you!
The ice beast hits you but does no damage.
You feel sick.
You feel sick. The adder attacks as it pursues you! The adder misses you.
You feel sick. The adder attacks as it pursues you!
The adder barely misses you.
You puncture the adder!
The adder looks as sick as possible!
The adder is almost dead.
You feel sick.
You are no longer poisoned.
You kill the adder!
The scorpion simulacrum hits you. The scorpion simulacrum freezes you!
* * * LOW HITPOINT WARNING * * *
Found a scroll labelled XOBBAQ OSESY.
It was a potion of lignification.
You turn into a tree.
Your +0 pair of boots melds into your body.
Your +0 robe melds into your body.
Your roots penetrate the ground.
You cannot move.
Casting: Freeze (safe; 1% risk of failure)
Confirm with . or Enter, or press ? or * to list all spells.
You miscast Summon Small Mammal.
You are very lightly contaminated with residual magic.
Nothing appears to happen.
The ice beast hits you but does no damage.
You closely miss the ice beast.
The ice beast is moderately wounded.
The ice beast hits you but does no damage.
You hit the ice beast.
The ice beast is heavily wounded.
The ice beast hits you but does no damage.
You barely miss the ice beast.
The ice beast is heavily wounded.
The ice beast hits you but does no damage.
You completely miss the ice beast.
The ice beast is heavily wounded.
The ice beast hits you.
* * * LOW HITPOINT WARNING * * *
The ice beast freezes you!
You die...

..##..##.#.# #...# ###
...##....#.####...### #
...
!...#...Z#.##?......##.
###
....##.#...............
##...#...#.##.......##.
.##..#..##.Z...........
..# .#..#######.Z.####
### ..#..##.# ##Y## #..
..... #.## #♣# ....#
Z.Z. ##..# #.# ##
#..###...# #.# ####
####.....##### #.. ..#
.............. ...
######.######
..............
..###...##.##...##
######.####### ###
#<........#...
#)#########
#...#####...##
#.<.......######.##
#####


You could see an ice beast and a scorpion simulacrum.

Vanquished Creatures
  A howler monkey (D:4)
  A jelly (D:4)
  An orc wizard (D:3)
  6 adders
  2 dart slugs
  3 orcs
  3 ball pythons
  4 endoplasms
  4 giant cockroaches
  3 goblins
  5 hobgoblins
  4 jackals (D:2)
  4 quokkas
  5 bats
  2 frilled lizards
  5 kobolds
  4 rats
57 creatures vanquished.

Notes
Turn   | Place    | Note
-------+----------+-------------------------------------------
     0 | D:1      | iorena the Merfolk Ice Elementalist began the quest for the
                  | Orb.
     0 | D:1      | Reached XP level 1. HP: 13/13 MP: 3/3
    32 | D:1      | Learned a level 1 spell: Apportation
    34 | D:1      | Learned a level 1 spell: Summon Small Mammal
   466 | D:1      | Reached XP level 2. HP: 9/19 MP: 3/5
   699 | D:2      | Reached skill level 5 in Ice Magic
   699 | D:2      | Reached XP level 3. HP: 24/24 MP: 6/6
   744 | D:2      | Identified the +5 ring mail of Happiness {rC- SInv Stlth+}
   957 | D:2      | Found a faded altar of an unknown god.
  1007 | D:2      | Reached XP level 4. HP: 25/30 MP: 4/7
  1194 | D:3      | Reached skill level 1 in Short Blades
  1205 | D:3      | Identified the +7 spear of Xootroqe {venom, Int+4}
  1364 | D:3      | Reached XP level 5. HP: 33/36 MP: 9/9
  1570 | D:4      | Reached skill level 1 in Polearms
  1637 | D:4      | Noticed kal9871's ghost (novice DsHu)
  1637 | D:4      | Noticed an ice beast
  1638 | D:4      | Noticed an ice beast
  1663 | D:4      | Found a runed translucent gate.
  1663 | D:4      | Found a runed translucent gate.
  1663 | D:4      | Found a runed translucent gate.
  1699 | D:4      | Slain by an ice beast

Illustrated notes

Levels and vault maps discovered:
D:1:      minmay_arrival_hallway, layout_basic,
          nicolae_concentric_dashed_squares_wild
D:2:      layout_basic, chequers_ecumenical_altar_simple_redux, minmay_bisected
D:3:      layout_basic
D:4:      minmay_skewed_foursquare, layout_loops_ring,
          minmay_temple_entry_statues_fountains, gammafunk_ghost_icy

Skill      XL: |  1  2  3  4  5 |
---------------+----------------+-----
Ice Magic      | 5 |  5.4
Dodging        | 3 |  3.6
Short Blades   | 1 2 |  2.9
Polearms       | 1 |  1.5
Spellcasting   | 3 |  3.0
Fighting       | |  0.6
Stealth        | |  2.7
Evocations     | |  0.1

Action                     |  1- 3 |  4- 6 || total
---------------------------+-------+-------++-------
  Melee: Whip              |     6 |       ||     6
         Short sword       |    48 |    33 ||    81
         Punch             |     2 |     1 ||     3
         Spear             |       |    51 ||    51
  Throw: Dart              |       |     1 ||     1
   Cast: Freeze            |    12 |     4 ||    16
  Evoke: Wand              |       |     1 ||     1
    Use: Potion            |       |     1 ||     1
   Stab: Sleeping          |       |     4 ||     4
 Armour: Robe              |    29 |    33 ||    62
         Skin              |       |     5 ||     5
  Dodge: Dodged            |    42 |    70 ||   112

Table legend: (Time is in decaauts)
 A = Elapsed time spent in this place.
 B = Non-inter-level travel time spent in this place.
 C = Inter-level travel time spent in this place.
 D = Time resting spent in this place.
 E = Time spent auto-exploring this place.
 F = Levels seen in this place.
 G = Mean time per level.
                   A        B        C        D        E       F      G
               +--------+--------+--------+--------+--------+-----+--------+
         Total |   1701 |   1701 |      0 |    100 |     29 |   4 |  425.2 |
       Dungeon |   1701 |   1701 |      0 |    100 |     29 |   4 |  425.2 |
               +--------+--------+--------+--------+--------+-----+--------+

Top non-repeatable levels by time:
     D:1: 667 daAuts
     D:2: 495 daAuts
     D:3: 346 daAuts
     D:4: 192 daAuts
